| TOP OF THE 1ST |
|
Tulsa Drillers batting - Pitching for Tennessee Smokies : RHP Rashid bin Ala'
|
|
Pitching: RHP Rashid bin Ala'
|
|
|
Batting: RHB Steve Haskins
|
0-0: Called Strike 0-1: Ground out 5-3 (Groundball, 56S, EV 75.0 MPH)
|
|
Batting: LHB Nick McGraw
|
0-0: Foul Ball, location: 2F 0-1: Ball 1-1: SINGLE (Groundball, 4MD, EV 96.9 MPH)
|
|
Batting: RHB Blake Beale
|
0-0: Ball 1-0: Fly out, F6 (Line Drive, 6, EV 71.9 MPH)
|
|
Batting: LHB Kevin Wiebe
|
0-0: Swinging Strike 0-1: Ball 1-1: Ball 2-1: Ball 3-1: Called Strike 3-2: Base on Balls Nick McGraw to second
|
|
Batting: RHB Dave Cordero
|
0-0: Ball 1-0: Ball 2-0: Ball 3-0: Called Strike 3-1: Base on Balls Nick McGraw to third Kevin Wiebe to second
|
|
Pitching: RHP Mike Borell
|
|
|
Batting: LHB David McNair
|
0-0: Foul Ball, location: 2F 0-1: Ball 1-1: Ball 2-1: Swinging Strike 2-2: Foul Ball, location: 2F 2-2: Fielders Choice at 2nd, 5-4 (Groundball, 56, EV 82.5 MPH)
|
| Top of the 1st over - 0 runs, 1 hit, 0 errors, 3 left on base; Tulsa 0 - Tennessee 0 |
| BOTTOM OF THE 1ST |
|
Tennessee Smokies batting - Pitching for Tulsa Drillers : RHP Eddie Usrey
|
|
Pitching: RHP Eddie Usrey
|
|
|
Batting: LHB Brent Dutcher
|
0-0: Ball 1-0: Ball 2-0: Bunt missed! 2-1: Fly out, F9 (Line Drive, 9, EV 91.2 MPH)
|
|
Batting: RHB Vij Ramamani
|
0-0: Swinging Strike 0-1: Foul Ball, location: 2F 0-2: Foul Ball, location: 2F 0-2: Ball 1-2: SINGLE (Groundball, 56D, EV 101.9 MPH)
|
|
Batting: RHB Heitaro Tanaka
|
0-0: Foul Ball, location: 2F 0-1: Ball 1-1: Fly out, F7 (Flyball, 7D, EV 100.0 MPH)
|
|
Batting: RHB Bobby Gray
|
0-0: Ball 1-0: Ball 2-0: Foul Ball, location: 2F 2-1: Ball 3-1: Called Strike 3-2: Base on Balls Vij Ramamani to second
|
|
Batting: LHB Brian Newton
|
0-0: Called Strike 0-1: Ball 1-1: Swinging Strike 1-2: SINGLE (Flyball, 4D, EV 88.1 MPH) Vij Ramamani to third Bobby Gray to second Runner from 3rd tries for Home, SAFE, throw by CF to home
|
|
Batting: RHB Nick Kleckner
|
0-0: Called Strike 0-1: Called Strike 0-2: Ball 1-2: Ball 2-2: Fielders Choice at 2nd, 6-4 (Groundball, 6, EV 86.9 MPH)
|
| Bottom of the 1st over - 1 run, 2 hits, 0 errors, 2 left on base; Tulsa 0 - Tennessee 1 |
| TOP OF THE 2ND |
|
Tulsa Drillers batting - Pitching for Tennessee Smokies : RHP Mike Borell
|
|
Batting: LHB Miguel Medina
|
0-0: Ball 1-0: Ball 2-0: Foul Ball, location: 2F 2-1: SINGLE (Groundball, 4M, EV 109.4 MPH) (infield hit)
|
|
Batting: RHB Koen van Oort
|
0-0: Ball 1-0: Called Strike 1-1: DOUBLE (Line Drive, 7LM, EV 111.2 MPH) Miguel Medina to third
|
|
Batting: RHB Billy Valadez
|
0-0: Foul Ball, location: 2F 0-1: Ball 1-1: Ball 2-1: Foul Ball, location: 2F 2-2: Strikes out swinging
|
|
Pitching: RHP Bob Gilliam
|
|
|
Batting: RHB Steve Haskins
|
0-0: Foul Ball, location: 2F 0-1: Ground out U3 (Groundball, 34, EV 101.2 MPH) Miguel Medina scores Koen van Oort to third
|
|
Batting: LHB Nick McGraw
|
0-0: Ball 1-0: Ball 2-0: Called Strike 2-1: Ball 3-1: Fly out, F9 (Flyball, 89S, EV 96.2 MPH)
|
| Top of the 2nd over - 1 run, 2 hits, 0 errors, 1 left on base; Tulsa 1 - Tennessee 1 |
| BOTTOM OF THE 2ND |
|
Tennessee Smokies batting - Pitching for Tulsa Drillers : RHP Eddie Usrey
|
|
Batting: RHB Brian Warren
|
0-0: Swinging Strike 0-1: Ball 1-1: Ball 2-1: DOUBLE (Line Drive, 89D, EV 106.9 MPH)
|
|
Batting: RHB John Iddings
|
0-0: Ball 1-0: Called Strike 1-1: Called Strike 1-2: Ball 2-2: Foul Ball, location: 2F 2-2: Ground out 5-3 (Groundball, 56, EV 86.9 MPH)
|
|
Batting: RHB Sean Espejo
|
0-0: Fly out, F5 (Flyball, 5D, EV 81.2 MPH)
|
|
Batting: LHB Brent Dutcher
|
0-0: Ball 1-0: Ball 2-0: Ball 3-0: Base on Balls
|
|
Batting: RHB Vij Ramamani
|
0-0: Ball 1-0: Called Strike 1-1: Foul Ball, location: 2F 1-2: Ground out 6-3 (Groundball, 56, EV 107.5 MPH)
|
| Bottom of the 2nd over - 0 runs, 1 hit, 0 errors, 2 left on base; Tulsa 1 - Tennessee 1 |
| TOP OF THE 3RD |
|
Tulsa Drillers batting - Pitching for Tennessee Smokies : RHP Bob Gilliam
|
|
Batting: RHB Blake Beale
|
0-0: Ball 1-0: SINGLE (Groundball, 56D, EV 101.9 MPH)
|
|
Batting: LHB Kevin Wiebe
|
0-0: Ball 1-0: Called Strike 1-1: Foul Ball, location: 2F 1-2: Ball 2-2: Ball 3-2: Base on Balls Blake Beale to second
|
|
Batting: RHB Dave Cordero
|
0-0: Foul Ball, location: 2F 0-1: Ball 1-1: SINGLE (Line Drive, 6M, EV 96.9 MPH) Blake Beale to third Kevin Wiebe to second
|
|
Pitching: RHP Heef Harted
|
|
|
Batting: LHB David McNair
|
0-0: Called Strike 0-1: Ball Wild Pitch! Blake Beale scores Kevin Wiebe to third Dave Cordero to second 1-1: 3-RUN HOME RUN (Flyball, 89XD, EV 105.6 MPH), Distance : 436 ft
|
|
Batting: LHB Miguel Medina
|
0-0: Ball 1-0: Ball 2-0: Called Strike 2-1: Ball 3-1: Base on Balls
|
|
Batting: RHB Koen van Oort
|
0-0: Ball 1-0: Called Strike 1-1: Ball 2-1: Foul Ball, location: 2F 2-2: Strikes out looking
|
|
Batting: RHB Billy Valadez
|
0-0: Ball Miguel Medina steals 2nd base 1-0: Swinging Strike 1-1: Ball 2-1: Ball 3-1: Called Strike 3-2: Foul Ball, location: 2F 3-2: Strikes out looking
|
|
Pitching: RHP Heriberto Esquivel
|
|
|
Batting: RHB Steve Haskins
|
0-0: Ball 1-0: SINGLE (Line Drive, 78M, EV 99.4 MPH) Miguel Medina to third Runner from 3rd tries for Home, SAFE, throw by LF to home
|
|
Batting: LHB Nick McGraw
|
0-0: Called Strike Steve Haskins steals 2nd base 0-1: Foul Ball, location: 2F 0-2: Ball 1-2: Ball 2-2: Ball 3-2: Strikes out looking
|
| Top of the 3rd over - 5 runs, 4 hits, 0 errors, 1 left on base; Tulsa 6 - Tennessee 1 |
| BOTTOM OF THE 3RD |
|
Tennessee Smokies batting - Pitching for Tulsa Drillers : RHP Eddie Usrey
|
|
Batting: RHB Heitaro Tanaka
|
0-0: Foul Ball, location: 2F 0-1: Ball 1-1: Ball 2-1: Foul Ball, location: 2F 2-2: Ball 3-2: Fly out, F8 (Flyball, 8RM, EV 95.0 MPH)
|
|
Batting: RHB Bobby Gray
|
0-0: Foul Ball, location: 2F 0-1: Ball 1-1: Ball 2-1: Foul Ball, location: 2F 2-2: Strikes out swinging
|
|
Batting: LHB Brian Newton
|
0-0: SINGLE (Groundball, 34D, EV 96.9 MPH)
|
|
Batting: RHB Nick Kleckner
|
0-0: Swinging Strike 0-1: Foul Ball, location: 2F 0-2: Strikes out looking
|
| Bottom of the 3rd over - 0 runs, 1 hit, 0 errors, 1 left on base; Tulsa 6 - Tennessee 1 |
| TOP OF THE 4TH |
|
Tulsa Drillers batting - Pitching for Tennessee Smokies : RHP Heriberto Esquivel
|
|
Batting: RHB Blake Beale
|
0-0: Ball 1-0: Ball 2-0: Called Strike 2-1: Called Strike 2-2: Ball 3-2: Strikes out looking
|
|
Batting: LHB Kevin Wiebe
|
0-0: Ball 1-0: Foul Ball, location: 2F 1-1: Ball 2-1: Foul Ball, location: 2F 2-2: Ball 3-2: Base on Balls
|
|
Batting: RHB Dave Cordero
|
0-0: Ball 1-0: Swinging Strike 1-1: SINGLE (Groundball, 6D, EV 107.5 MPH) Kevin Wiebe to second
|
|
Batting: LHB David McNair
|
0-0: Foul Ball, location: 2F 0-1: Ball 1-1: SINGLE (Flyball, 56D, EV 92.5 MPH) Kevin Wiebe to third Dave Cordero to second
|
|
Batting: LHB Miguel Medina
|
0-0: Called Strike 0-1: Ball 1-1: Ball 2-1: SINGLE (Groundball, 4MD, EV 98.1 MPH) Kevin Wiebe scores Dave Cordero to third David McNair to second Runner from 3rd tries for Home, SAFE, throw by CF to home
|
|
Batting: RHB Koen van Oort
|
0-0: Ground out 6-3 (Groundball, 4MS, EV 84.4 MPH) David McNair to third Miguel Medina to second
|
|
Batting: RHB Billy Valadez
|
0-0: Ball 1-0: Ball 2-0: Ball 3-0: Called Strike 3-1: TRIPLE (Flyball, 89XD, EV 95.6 MPH) David McNair scores Miguel Medina scores
|
|
Batting: RHB Steve Haskins
|
0-0: SINGLE (Groundball, 3S, EV 63.8 MPH) (infield hit) Billy Valadez scores
|
|
Pitching: LHP Rich Ranaldi
|
|
|
Batting: LHB Nick McGraw
|
0-0: Ball 1-0: Ball Wild Pitch! Steve Haskins to second 2-0: Foul Ball, location: 2F 2-1: SINGLE (Groundball, 4MD, EV 100.6 MPH) Steve Haskins to third Runner from 3rd tries for Home, SAFE, throw by CF to home
|
|
Batting: RHB Blake Beale
|
0-0: Fly out, F8 (Flyball, 8LD, EV 90.6 MPH)
|
| Top of the 4th over - 6 runs, 6 hits, 0 errors, 1 left on base; Tulsa 12 - Tennessee 1 |
| BOTTOM OF THE 4TH |
|
Tennessee Smokies batting - Pitching for Tulsa Drillers : RHP Eddie Usrey
|
|
Batting: RHB Brian Warren
|
0-0: Foul Ball, location: 2F 0-1: Swinging Strike 0-2: Fly out, F8 (Flyball, 89XD, EV 94.4 MPH)
|
|
Batting: RHB John Iddings
|
0-0: Ball 1-0: Called Strike 1-1: Ground out 6-3 (Groundball, 6, EV 100.6 MPH)
|
|
Batting: RHB Sean Espejo
|
0-0: Ball 1-0: Foul Ball, location: 2F 1-1: Foul Ball, location: 2F 1-2: Foul Ball, location: 2F 1-2: Ground out 6-3 (Groundball, 6, EV 83.8 MPH)
|
| Bottom of the 4th over - 0 runs, 0 hits, 0 errors, 0 left on base; Tulsa 12 - Tennessee 1 |
| TOP OF THE 5TH |
|
Tulsa Drillers batting - Pitching for Tennessee Smokies : LHP Rich Ranaldi
|
|
Batting: LHB Kevin Wiebe
|
0-0: Ball 1-0: Ball 2-0: Foul Ball, location: 2F 2-1: Swinging Strike 2-2: Foul Ball, location: 2F 2-2: Ground out U3 (Groundball, 3L, EV 93.1 MPH)
|
|
Batting: RHB Dave Cordero
|
0-0: SINGLE (Line Drive, 89S, EV 103.8 MPH)
|
|
Batting: LHB David McNair
|
0-0: Ball 1-0: Ball 2-0: Ball 3-0: Swinging Strike 3-1: Called Strike 3-2: Reached on error, E3 (Groundball, 3L, EV 101.9 MPH) Dave Cordero to second
|
|
Batting: LHB Miguel Medina
|
0-0: Called Strike Balk! Dave Cordero to third David McNair to second 0-1: Ball 1-1: Foul Ball, location: 2F 1-2: Ball 2-2: Ball 3-2: Strikes out looking
|
|
Batting: RHB Koen van Oort
|
0-0: Fly out, F2 (Popup, 3SF, EV 84.4 MPH)
|
| Top of the 5th over - 0 runs, 1 hit, 1 error, 2 left on base; Tulsa 12 - Tennessee 1 |
| BOTTOM OF THE 5TH |
|
Tennessee Smokies batting - Pitching for Tulsa Drillers : RHP Eddie Usrey
|
|
Batting: LHB Brent Dutcher
|
0-0: Ball 1-0: Ground out 4-3 (Groundball, 4, EV 90.0 MPH)
|
|
Batting: RHB Vij Ramamani
|
0-0: Called Strike 0-1: Ball 1-1: SINGLE (Groundball, 6M, EV 75.6 MPH) (infield hit)
|
|
Batting: RHB Heitaro Tanaka
|
0-0: Fly out, F8 (Flyball, 8LM, EV 88.8 MPH)
|
|
Batting: RHB Bobby Gray
|
0-0: Foul Ball, location: 2F 0-1: Ground out U3 (Groundball, 3L, EV 106.2 MPH)
|
| Bottom of the 5th over - 0 runs, 1 hit, 0 errors, 1 left on base; Tulsa 12 - Tennessee 1 |
| TOP OF THE 6TH |
|
Tulsa Drillers batting - Pitching for Tennessee Smokies : LHP Rich Ranaldi
|
|
Batting: RHB Billy Valadez
|
0-0: Ball 1-0: Ball 2-0: Called Strike 2-1: Ball 3-1: Called Strike 3-2: Foul Ball, location: 2F 3-2: Base on Balls
|
|
Batting: RHB Steve Haskins
|
0-0: Ball 1-0: Called Strike 1-1: Foul Ball, location: 2F 1-2: Fly out, F7 (Flyball, 78M, EV 86.9 MPH)
|
|
Batting: LHB Nick McGraw
|
0-0: Ball 1-0: Called Strike 1-1: Ball 2-1: Foul Ball, location: 2F 2-2: Strikes out swinging
|
|
Batting: RHB Blake Beale
|
0-0: Called Strike 0-1: SINGLE (Line Drive, 8LS, EV 98.8 MPH) Billy Valadez to second
|
|
Batting: LHB Kevin Wiebe
|
0-0: Ball 1-0: Ball 2-0: Foul Ball, location: 2F 2-1: Fly out, F8 (Flyball, 8RM, EV 90.0 MPH)
|
| Top of the 6th over - 0 runs, 1 hit, 0 errors, 2 left on base; Tulsa 12 - Tennessee 1 |
| BOTTOM OF THE 6TH |
|
Tennessee Smokies batting - Pitching for Tulsa Drillers : RHP Eddie Usrey
|
|
Pitching: LHP Antonio Villarreal
|
|
|
Batting: LHB Brian Newton
|
0-0: Ball 1-0: SINGLE (Line Drive, 78S, EV 93.8 MPH)
|
|
Batting: RHB Nick Kleckner
|
0-0: Called Strike 0-1: SINGLE (Groundball, 6MD, EV 105.0 MPH) Brian Newton to second
|
|
Batting: RHB Brian Warren
|
0-0: Ball 1-0: Foul Ball, location: 2F 1-1: Ball 2-1: Foul Ball, location: 2F 2-2: Fly out, F4 (Flyball, 4D, EV 91.2 MPH)
|
|
Batting: RHB John Iddings
|
0-0: Ball 1-0: Ball 2-0: SINGLE (Line Drive, 8RS, EV 105.6 MPH) Brian Newton to third Nick Kleckner to second
|
|
Batting: RHB Sean Espejo
|
0-0: Foul Ball, location: 2F 0-1: Swinging Strike 0-2: Ball Wild Pitch! Brian Newton scores Nick Kleckner to third John Iddings to second 1-2: Ball 2-2: Strikes out swinging
|
|
Batting: LHB Brent Dutcher
|
0-0: Called Strike 0-1: Foul Ball, location: 2F 0-2: Ball 1-2: Strikes out looking
|
| Bottom of the 6th over - 1 run, 3 hits, 0 errors, 2 left on base; Tulsa 12 - Tennessee 2 |
| TOP OF THE 7TH |
|
Tulsa Drillers batting - Pitching for Tennessee Smokies : LHP Rich Ranaldi
|
|
Batting: RHB Dave Cordero
|
0-0: Ball 1-0: Ball 2-0: Ball 3-0: Called Strike 3-1: Base on Balls
|
|
Pitching: RHP Chris Rosinsky
|
|
|
Batting: LHB David McNair
|
0-0: Ball 1-0: Ball 2-0: Called Strike 2-1: Ball 3-1: Base on Balls Dave Cordero to second
|
|
Batting: LHB Miguel Medina
|
0-0: Fly out, F9 (Line Drive, 9, EV 93.8 MPH)
|
|
Batting: RHB Koen van Oort
|
0-0: Foul Ball, location: 2F 0-1: Ball 1-1: Swinging Strike 1-2: 3-RUN HOME RUN (Flyball, 7D, EV 96.2 MPH), Distance : 391 ft
|
|
Batting: RHB Billy Valadez
|
0-0: Ball 1-0: Called Strike 1-1: Ball 2-1: DOUBLE (Line Drive, 7LM, EV 105.0 MPH)
|
|
Batting: RHB Steve Haskins
|
0-0: Called Strike 0-1: Called Strike 0-2: Foul Ball, location: 2F 0-2: Ball 1-2: Fly out, F7 (Flyball, 7, EV 78.8 MPH)
|
|
Batting: LHB Nick McGraw
|
0-0: Called Strike 0-1: Called Strike 0-2: Ball 1-2: Foul Ball, location: 2F 1-2: Ball 2-2: SINGLE (Groundball, 34D, EV 95.0 MPH) Billy Valadez to third Runner from 3rd tries for Home, throw by RF and OUT! 9-2
|
| Top of the 7th over - 3 runs, 3 hits, 0 errors, 1 left on base; Tulsa 15 - Tennessee 2 |
| BOTTOM OF THE 7TH |
|
Tennessee Smokies batting - Pitching for Tulsa Drillers : LHP Antonio Villarreal
|
|
Batting: RHB Vij Ramamani
|
0-0: Ground out U3 (Groundball, 34S, EV 78.1 MPH)
|
|
Batting: RHB Heitaro Tanaka
|
0-0: Called Strike 0-1: Swinging Strike 0-2: Ball 1-2: Ball 2-2: Foul Ball, location: 2F 2-2: Strikes out swinging, 2-3 out at first.
|
|
Batting: RHB Bobby Gray
|
0-0: Fly out, F8 (Flyball, 89M, EV 85.6 MPH)
|
| Bottom of the 7th over - 0 runs, 0 hits, 0 errors, 0 left on base; Tulsa 15 - Tennessee 2 |
| TOP OF THE 8TH |
|
Tulsa Drillers batting - Pitching for Tennessee Smokies : RHP Chris Rosinsky
|
|
Batting: RHB Blake Beale
|
0-0: Ball 1-0: Ball 2-0: Ball 3-0: Base on Balls
|
|
Batting: LHB Kevin Wiebe
|
0-0: Ball 1-0: DOUBLE (Line Drive, 7LS, EV 91.9 MPH) Blake Beale to third
|
|
Batting: RHB Dave Cordero
|
0-0: Ball 1-0: Ball 2-0: SINGLE (Line Drive, 56D, EV 98.1 MPH) Blake Beale scores Kevin Wiebe to third
|
|
Batting: LHB David McNair
|
0-0: Ball 1-0: 3-RUN HOME RUN (Flyball, 9D, EV 96.2 MPH), Distance : 374 ft
|
|
Batting: LHB Miguel Medina
|
0-0: Foul Ball, location: 2F 0-1: SOLO HOME RUN (Flyball, 7D, EV 101.2 MPH), Distance : 393 ft
|
|
Batting: RHB Koen van Oort
|
0-0: Called Strike 0-1: Ball 1-1: Swinging Strike 1-2: Strikes out swinging
|
|
Batting: RHB Billy Valadez
|
0-0: Ball 1-0: Ball 2-0: Ball 3-0: Base on Balls
|
|
Batting: RHB Steve Haskins
|
0-0: Fielders Choice at 2nd, 1-4 (Groundball, 15S, EV 61.2 MPH)
|
|
Batting: LHB Nick McGraw
|
0-0: Ball 1-0: Called Strike 1-1: Ball 2-1: Ball 3-1: Base on Balls Steve Haskins to second
|
|
Batting: RHB Blake Beale
|
0-0: Hit by Pitch Steve Haskins to third Nick McGraw to second
|
|
Batting: LHB Kevin Wiebe
|
0-0: Fly out, F3 (Flyball, 3D, EV 91.2 MPH)
|
| Top of the 8th over - 5 runs, 4 hits, 0 errors, 3 left on base; Tulsa 20 - Tennessee 2 |
| BOTTOM OF THE 8TH |
|
Tennessee Smokies batting - Pitching for Tulsa Drillers : LHP Antonio Villarreal
|
|
Batting: LHB Brian Newton
|
0-0: Fly out, F8 (Line Drive, 8RM, EV 87.5 MPH)
|
|
Batting: RHB Nick Kleckner
|
0-0: Fly out, F7 (Line Drive, 7, EV 93.8 MPH)
|
|
Batting: RHB Brian Warren
|
0-0: Ball 1-0: Ball 2-0: Ball 3-0: Base on Balls
|
|
Batting: RHB John Iddings
|
0-0: Ball 1-0: Called Strike 1-1: Ball 2-1: Swinging Strike 2-2: Ground out 5-3 (Groundball, 56S, EV 78.1 MPH)
|
| Bottom of the 8th over - 0 runs, 0 hits, 0 errors, 1 left on base; Tulsa 20 - Tennessee 2 |
| TOP OF THE 9TH |
|
Tulsa Drillers batting - Pitching for Tennessee Smokies : RHP Chris Rosinsky
|
|
Batting: RHB Dave Cordero
|
0-0: Ball 1-0: Foul Ball, location: 2F 1-1: Called Strike 1-2: Ball 2-2: Strikes out swinging
|
|
Batting: LHB David McNair
|
0-0: Ball 1-0: Ball 2-0: Swinging Strike 2-1: Foul Ball, location: 2F 2-2: Ball 3-2: Foul Ball, location: 2F 3-2: Base on Balls
|
|
Batting: LHB Miguel Medina
|
0-0: Called Strike 0-1: Ball 1-1: Ball 2-1: Ball 3-1: Base on Balls David McNair to second
|
|
Batting: RHB Koen van Oort
|
0-0: Swinging Strike 0-1: Grounds into double play, 6-4-3 (Groundball, 6, EV 78.8 MPH)
|
| Top of the 9th over - 0 runs, 0 hits, 0 errors, 1 left on base; Tulsa 20 - Tennessee 2 |
| BOTTOM OF THE 9TH |
|
Tennessee Smokies batting - Pitching for Tulsa Drillers : LHP Antonio Villarreal
|
|
Pitching: LHP Chris Mobley
|
|
|
Batting: RHB Sean Espejo
|
0-0: Ball 1-0: Called Strike 1-1: SOLO HOME RUN (Flyball, 78XD, EV 104.4 MPH), Distance : 406 ft
|
|
Batting: LHB Brent Dutcher
|
0-0: Ball 1-0: Ball 2-0: Foul Ball, location: 2F 2-1: Ground out 6-3 (Groundball, 6, EV 100.0 MPH)
|
|
Batting: RHB Vij Ramamani
|
0-0: Ball 1-0: Ball 2-0: Called Strike 2-1: Ground out U3 (Groundball, 34, EV 91.2 MPH)
|
|
Batting: RHB Heitaro Tanaka
|
0-0: Swinging Strike 0-1: Ball 1-1: Foul Ball, location: 2F 1-2: Strikes out swinging, 2-3 out at first.
|
| Bottom of the 9th over - 1 run, 1 hit, 0 errors, 0 left on base; Tulsa 20 - Tennessee 3 |
|